 Dungeon Crawl Stone Soup version 0.19.1-1-g22dce08 (webtiles) character file.

5819 esteth the Spear-Bearer (level 11, -1/84 HPs)
             Began as a Formicid Abyssal Knight on Jan 16, 2017.
             Was a Priest of Lugonu.
             Slain by a green ugly thing (9 damage)
             ... on level 15 of the Dungeon on Jan 17, 2017.
             The game lasted 00:25:45 (10995 turns).

esteth the Spear-Bearer (Formicid Abyssal Knight)  Turns: 10995, Time: 00:25:46

Health: -1/84      AC: 12    Str: 17    XL:     11   Next: 7%
Magic:  18/18      EV: 13    Int: 12    God:    Lugonu [***...]
Gold:   540        SH:  0    Dex: 13    Spells: 0 memorised, 10 levels left

rFire  . . .     SeeInvis +     k - +1 halberd
rCold  . . .     Gourm    .     y - +3 ring mail {rPois}
rNeg   . . .     Faith    .     (no shield)
rPois  +         Spirit   .     (helmet unavailable)
rElec  .         Reflect  .     (no cloak)
rCorr  .         Harm     .     s - +2 pair of gloves
MR     +....                    (no boots)
Stlth  +.........               (no amulet)
                                (no ring)
                                e - +1 ring of protection

@: no status effects
A: permanent stasis, dig shafts and tunnels, four strong arms, antennae 3
a: Dig, Shaft Self, Depart the Abyss, Bend Space, Banish, Renounce Religion


You were on level 15 of the Dungeon.
You worshipped Lugonu.
Lugonu was most pleased with you.
You were hungry.

You visited 1 branch of the dungeon, and saw 13 of its levels.
You visited the Abyss 2 times.

You collected 540 gold pieces.

Inventory:

Hand Weapons
 a - a +2 spear
 k - a +1 halberd (weapon)
 q - a +0 trident
Armour
 b - a +0 leather armour
 s - a +2 pair of gloves (worn)
 y - a +3 ring mail of poison resistance (worn)
Jewellery
 e - a +1 ring of protection (left hand)
Wands
 g - a wand of lightning (7/15)
Scrolls
 d - 9 scrolls of identify
 i - 3 scrolls of remove curse
 m - 2 scrolls of enchant weapon
 r - a scroll of blinking
Potions
 f - a potion of flight
 n - 11 potions of degeneration
Books
 j - a book of Geomancy

   Spells                             Type                      Level
   a - Sandblast                      Earth                        1
   b - Passwall                       Transmutation/Earth          2
   c - Stone Arrow                    Conjuration/Earth            3
   d - Petrify                        Transmutation/Earth          4
   e - Lee's Rapid Deconstruction     Earth                        5
 t - a book of Debilitation

   Spells                             Type                      Level
   a - Corona                         Hexes                        1
   b - Slow                           Hexes                        2
   c - Gell's Gravitas                Hexes/Translocation          3
   d - Inner Flame                    Hexes/Fire                   3
   e - Cause Fear                     Hexes                        4
   f - Leda's Liquefaction            Hexes/Earth                  4
 v - a book of Flames

   Spells                             Type                      Level
   a - Flame Tongue                   Conjuration/Fire             1
   b - Throw Flame                    Conjuration/Fire             2
   c - Conjure Flame                  Conjuration/Fire             3
   d - Inner Flame                    Hexes/Fire                   3
   e - Sticky Flame                   Conjuration/Fire             4
   f - Fireball                       Conjuration/Fire             5
Comestibles
 c - 11 bread rations
 h - 3 slices of pizza
 p - a fruit
 x - 3 meat rations
 B - 7 beef jerkies


   Skills:
 - Level 7.0 Fighting
 + Level 10.7 Polearms
 - Level 2.2 Armour
 - Level 5.1 Dodging
 - Level 10.5 Invocations


You had 10 spell levels left.
You didn't know any spells.

Dungeon Overview and Level Annotations

Branches:
Dungeon (13/15)            Temple (0/1) D:6             Orc (0/2) D:10
   Lair: D:8-11      Vaults: D:13-14

Altars:
Cheibriados
Dithmenos
Fedhas
Makhleb
Sif Muna
Yredelemnul

Shops:
D:5 *

Annotations:
D:10 corrupted
D:12 Trampli's ghost, journeyman HOFi


Innate Abilities, Weirdness & Mutations

You are under a permanent stasis effect.
You can dig through walls and to a lower floor.
Your four strong arms can wield two-handed weapons with a shield.
You have a pair of large antennae on your head. (SInv)


Message History

Beware, you cannot shaft yourself on this level.
Found a blossoming altar of Fedhas.
You start resting.
Magic restored.
You start resting.
You are feeling hungry.
You start resting.
A hill giant comes into view. It is wielding a giant spiked club.
You start resting.
You sense a monster nearby.
A green ugly thing comes into view.
The green ugly thing gurgles horribly!
An ugly thing and a cyclops come into view.
The cyclops shouts!
A green ugly thing comes into view.
The green ugly thing gurgles horribly!
The cyclops throws a large rock.
The large rock hits you!!
* * * LOW HITPOINT WARNING * * *
You see here a large rock.
The green ugly thing engulfs you!
You die...

##### ###.... #......
#..##############......
#.....@(.....C.........
#..C...u............###
#....u..##+####.#####
#.......# #.# #.u.....#
#.# #........ #.#
#........ #.#
.........# #.#


You could see 3 ugly things, a hill giant and a cyclops.

Vanquished Creatures
  An unseen horror (D:10)
  6 yaks
  A black bear (D:6)
  A swamp drake (D:10)
  2 ice beasts
  A sky beast (D:10)
  2 orc warriors
  3 phantoms
  6 ogres
  A centaur (D:5)
  The ghost of nikopol the Skirmisher, an amateur GrBe of Trog (D:4)
  6 big kobolds
  3 bullfrogs
  A water moccasin zombie (D:4)
  4 scorpions
  3 crimson imps
  2 hounds (D:5)
  A bullfrog skeleton (D:8)
  7 orc priests
  6 orc wizards
  2 iguanas
  Ijyb (D:2)
  5 worker ants
  A howler monkey zombie (D:5)
  4 gnolls
  14 adders
  A shadow imp (D:7)
  A white imp (Abyss:1)
  An ufetubus (Abyss:1)
  An adder zombie (D:5)
  3 adder skeletons
  3 worms
  3 dart slugs
  8 leopard geckos
  34 orcs
  5 bats
  10 giant cockroaches
  14 goblins
  12 hobgoblins
  24 jackals
  67 kobolds
  2 quokkas
  A ball python (D:5)
  5 frilled lizards
  A jackal zombie (D:4)
  5 rats
286 creatures vanquished.

Vanquished Creatures (others)
  An unseen horror (D:10)
  A hill giant (D:12)
  An ugly thing (D:12)
  A manticore (D:10)
  A tengu conjurer (D:13)
  An ogre (D:10)
  An orc priest (D:10)
  2 orc wizards (D:10)
  3 orcs (D:10)
12 creatures vanquished.

Grand Total: 298 creatures vanquished

Notes
Turn   | Place    | Note
-------+----------+-------------------------------------------
     0 | Abyss:1  | esteth the Formicid Abyssal Knight began the quest for the Orb.
     0 | Abyss:1  | Reached XP level 1. HP: 18/18 MP: 2/2
    26 | D:1      | Escaped the Abyss
    72 | D:1      | Reached skill level 1 in Dodging
    83 | D:1      | Reached XP level 2. HP: 15/24 MP: 3/3
   454 | D:1      | Reached XP level 3. HP: 28/29 MP: 4/4
   641 | D:1      | Reached ** piety under Lugonu
  1221 | D:2      | Reached XP level 4. HP: 23/35 MP: 5/5
  1857 | D:2      | Noticed Ijyb
  1886 | D:2      | Killed Ijyb
  1886 | D:2      | Reached XP level 5. HP: 28/41 MP: 6/6
  2325 | D:3      | Reached *** piety under Lugonu
  2470 | D:3      | Found a basalt altar of Yredelemnul.
  3200 | D:3      | Reached XP level 6. HP: 15/47 MP: 8/8
  3958 | D:4      | Noticed nikopol's ghost (amateur GrBe)
  3978 | D:4      | Killed nikopol's ghost
  3978 | D:4      | Reached skill level 5 in Polearms
  4227 | D:4      | Reached XP level 7. HP: 29/52 MP: 10/10
  4571 | D:4      | Reached **** piety under Lugonu
  5705 | D:5      | Entered Level 5 of the Dungeon
  5717 | D:5      | Reached XP level 8. HP: 58/58 MP: 11/11
  6407 | D:5      | Found a shadowy altar of Dithmenos.
  6407 | D:5      | Found a burning altar of Makhleb.
  6488 | D:5      | Found Iqurim's General Store.
  6727 | D:5      | Reached ***** piety under Lugonu
  7016 | D:5      | Reached skill level 5 in Fighting
  7036 | D:5      | Reached XP level 9. HP: 47/69 MP: 12/12
  7373 | D:6      | Found a snail-covered altar of Cheibriados.
  7798 | D:6      | Found a staircase to the Ecumenical Temple.
  8374 | D:7      | Reached skill level 5 in Dodging
  8616 | D:7      | Found a deep blue altar of Sif Muna.
  8865 | D:8      | Reached skill level 5 in Invocations
  9007 | D:8      | Reached XP level 10. HP: 79/79 MP: 14/14
  9193 | D:8      | You fall through a shaft for 3 floors!
  9225 | D:10     | Entered Level 10 of the Dungeon
  9416 | Abyss:1  | Noticed a tentacled starspawn
  9526 | Abyss:1  | Noticed a worldbinder
  9561 | Abyss:1  | Noticed a large abomination
  9615 | D:10     | Escaped the Abyss
  9641 | D:10     | Found a staircase to the Orcish Mines.
  9867 | D:10     | Noticed a manticore
  9871 | D:10     | Noticed an unseen horror
  9878 | D:10     | Corrupted D:10
  9878 | D:10     | Noticed a thrashing horror
  9878 | D:10     | Noticed a smoke demon
  9879 | D:10     | Killed an unseen horror
  9882 | D:10     | Killed a manticore
  9883 | D:10     | Noticed a smoke demon
  9893 | D:10     | Noticed an efreet
  9926 | D:10     | Noticed a rust devil
 10265 | D:10     | Noticed an unseen horror
 10272 | D:10     | Killed an unseen horror
 10272 | D:10     | Reached skill level 10 in Invocations
 10382 | D:10     | You fall through a shaft for 3 floors!
 10749 | D:12     | Noticed a hill giant
 10754 | D:12     | Banished a hill giant
 10754 | D:12     | Reached skill level 10 in Polearms
 10785 | D:12     | Noticed a brown ugly thing
 10797 | D:12     | Banished a brown ugly thing
 10846 | D:12     | Reached XP level 11. HP: 50/84 MP: 18/18
 10861 | D:12     | Noticed Trampli's ghost (journeyman HOFi)
 10865 | D:12     | HP: 3/84 [yak (9)]
 10869 | D:12     | You fall through a shaft for 3 floors!
 10869 | D:15     | Entered Level 15 of the Dungeon
 10869 | D:15     | Found a blossoming altar of Fedhas.
 10970 | D:15     | Noticed a hill giant
 10991 | D:15     | Noticed a green ugly thing
 10992 | D:15     | Noticed a green ugly thing
 10992 | D:15     | Noticed a cyclops
 10994 | D:15     | Noticed a green ugly thing
 10995 | D:15     | Slain by a green ugly thing

Skill      XL: |  1  2  3  4  5  6  7  8  9 10 |
---------------+-------------------------------+-----
Dodging        | 1 5 |  5.1
Polearms       | 3 4 5 7 9 10 | 10.7
Invocations    | 3 4 6 10 | 10.5
Fighting       | 6 7 |  7.0
Armour         | |  2.2

Action                   |  1- 3 |  4- 6 |  7- 9 | 10-12 || total
-------------------------+-------+-------+-------+-------++-------
Melee: Spear             |   148 |   243 |       |       ||   391
       Halberd           |       |    45 |   547 |   197 ||   789
Invok: Banish            |       |       |       |     3 ||     3
       Depart the Abyss  |       |       |       |     1 ||     1
       Corrupt           |       |       |       |     1 ||     1
       Enter the Abyss   |       |       |       |     1 ||     1
       Bend Space        |       |       |       |     1 ||     1
 Abil: Dig               |       |       |     2 |     1 ||     3
       Shaft Self        |       |       |       |     2 ||     2
  Use: Scroll            |     1 |     3 |     6 |     3 ||    13
       Potion            |       |     1 |       |     8 ||     9
  Eat: Chunk             |     1 |    10 |    16 |     5 ||    32
       Bread ration      |       |       |       |     1 ||     1
Armor: Leather armour    |    49 |    13 |       |       ||    62
       Ring mail         |       |    83 |   244 |    79 ||   406
Dodge: Dodged            |    82 |   141 |   349 |   125 ||   697
